 Dungeon Crawl Stone Soup version 0.31.0-9-g3a7656b989 (webtiles) character file.

Game seed: 16953516524994723502

43 qw the Shooter (level 3, 0/20 HPs)
             Began as a Deep Elf Hunter on Feb 2, 2024.
             Slain by a goblin
             ... wielding a +0 club
             ... led by Robin
              (2 damage)
             ... on level 2 of the Dungeon.
             The game lasted 00:00:05 (858 turns).

qw the Shooter (Deep Elf Hunter)                     Turns: 858, Time: 00:00:05

Health: 0/20       AC:  6    Str: 10    XL:     3   Next: 37%
Magic:  5/5        EV:  9    Int: 13    God:
Gold:   67         SH:  0    Dex: 18    Spells: 2/2 levels left

rFire   . . .        a - +0 shortbow
rCold   . . .        (shield currently unavailable)
rNeg    . . .        f - +0 scale mail
rPois   .            (no helmet)
rElec   .            (no cloak)
rCorr   .            (no gloves)
SInv    .            (no boots)
Will    .....        (no amulet)
Stlth   +            (no ring)
HPRegen 0.23/turn    (no ring)
MPRegen 0.09/turn

%: no passive effects
@: no status effects
A: no striking features
a: no special abilities


You were on level 2 of the Dungeon.
You visited 1 branch of the dungeon, and saw 2 of its levels.

You collected 67 gold pieces.


   Skills:
 - Level 1.5 Fighting
 + Level 6.9 Ranged Weapons
 - Level 2.4 Dodging
 - Level 1.2 Stealth


You had 2 spell levels left.
You didn't know any spells.
Your spell library was empty.

Inventory:

Hand Weapons
 a - a +0 shortbow (weapon)
Armour
 f - a +0 scale mail (worn)
Jewellery
 g - a ring of poison resistance
Scrolls
 b - a scroll of brand weapon {unknown}
 d - a scroll of acquirement {unknown}
Potions
 c - a potion of invisibility {unknown}
 e - a potion of resistance {unknown}
 h - a potion of enlightenment {unknown}

Dungeon Overview and Level Annotations

Branches:
Dungeon (2/15)

Altars:

Shops:
D:2 =

Annotations:
D:2 Robin


Message History

You shoot an arrow. The arrow hits the hobgoblin.
The hobgoblin is severely wounded.
The goblin hits you with a +0 club.
Robin points. "Kill!"
The hobgoblin hits you but does no damage.
You shoot an arrow. The arrow hits the hobgoblin.
You kill the hobgoblin!
The goblin hits you but does no damage. Robin throws the goblin at you!
An adder comes into view.
The goblin closely misses you. The goblin hits you but does no damage.
You shoot an arrow. The adder hisses angrily.
The arrow hits the goblin but does no damage.
You hear a shout!
The hobgoblin hits you but does no damage.
A gnoll comes into view. It is wielding a +0 spear.
The goblin barely misses you. The goblin misses you.
Robin throws the goblin at you!
A gnoll comes into view. It is wielding a +0 spear.
Enter note:
Enter note:
855 ||| RETREEEEATING.
The goblin hits you with a +0 dagger.
You shoot an arrow. The arrow hits the goblin.
The goblin is moderately wounded.
The goblin no longer looks unusually strong. x2
The goblin hits you but does no damage. The goblin barely misses you.
Robin throws the goblin at you! The goblin hits you but does no damage.
You shoot an arrow. The arrow hits the goblin!
You kill the goblin!
The goblin no longer looks unusually strong. x2
The goblin hits you but does no damage. Robin throws the goblin at you!
The goblin hits you but does no damage. The goblin hits you with a +0 club.
The goblin closely misses you. The goblin hits you with a +0 dagger.
You shoot an arrow. The arrow hits the goblin.
The goblin is moderately wounded.
The goblin no longer looks unusually strong. x2
The goblin hits you with a +0 dagger. The goblin hits you but does no damage.
The goblin hits you with a +0 club.
You die...

##############
############.............
................########.
####.#.####.##.# #.
#.......###.##.# #.
#.#####gg...##.## #.
#@####....## #%
#ggg.......######.
#.ggg....#........#.
#.##g.######..####.#. ..
....# #......#.. g..
....# ##.####.#. .. ....#
#.# #.#. g ..#.# #.# #.#.
### .# ..# #.#.


You could see Robin, a hobgoblin (strong) and 7 goblins.

Vanquished Creatures
  3 bats
  3 endoplasms
  3 giant cockroaches
  5 hobgoblins
  6 quokkas
  7 ball pythons
  3 goblins
  3 kobolds
  5 rats
38 creatures vanquished.

Notes
Turn   | Place    | Note
-------+----------+-------------------------------------------
     0 | D:1      | qw the Deep Elf Hunter began the quest for the Orb.
     0 | D:1      | Reached XP level 1. HP: 12/12 MP: 3/3
     0 | D:1      | 0 ||| qw: Version: 0.3-a-155-g5e7d8dd
     0 | D:1      | 0 ||| qw: Game counter: 1691
     0 | D:1      | 0 ||| qw: Melee chars always use a shield: true
     0 | D:1      | 0 ||| qw: God list: Okawaru
     0 | D:1      | 0 ||| qw: Allow faded altars: false
     0 | D:1      | 0 ||| qw: Do Orc after clearing Dungeon:15 true
     0 | D:1      | 0 ||| qw: Do second Lair branch before Depths: true
     0 | D:1      | 0 ||| qw: Lair rune preference: random
     0 | D:1      | 0 ||| qw: Goals: Normal
     0 | D:1      | 0 ||| PLANNING D:1-11
   102 | D:1      | Reached skill level 6 in Ranged Weapons
   102 | D:1      | Reached XP level 2. HP: 14/16 MP: 4/4
   510 | D:1      | 510 ||| UPGRADING to +0 scale mail.
   520 | D:1      | 520 ||| DROPPING +0 leather armour.
   521 | D:1      | 521 ||| READING scroll labelled KIUTOGRUZ TIHYE.
   522 | D:1      | 522 ||| READING scroll labelled ZYOKUFROER.
   523 | D:1      | 523 ||| READING scroll labelled MAEPICR SOR VUEST.
   524 | D:1      | 524 ||| READING 2 scrolls labelled MEOBBANKOI.
   525 | D:1      | 525 ||| READING scroll labelled XUEGRIOSTRI.
   526 | D:1      | 526 ||| DROPPING scroll of butterflies.
   527 | D:1      | 527 ||| DROPPING scroll of blinking.
   529 | D:1      | 529 ||| Stepping ~*~*~tactically~*~*~ (cloud).
   534 | D:1      | HP: 4/16 [poisoned by you (poison gas)]
   634 | D:2      | Reached XP level 3. HP: 20/20 MP: 5/5
   680 | D:2      | Found Haobbint's Jewellery Boutique.
   684 | D:2      | 684 ||| SHOPLISTING amulet of faith (440 gold, have 57).
   684 | D:2      | 684 ||| SHOPLISTING ring "Fujim" {*Slow Fly Dex+3 Slay+3}
                  | (415 gold, have 57).
   684 | D:2      | 684 ||| SHOPLISTING ring of ice (275 gold, have 57).
   684 | D:2      | 684 ||| SHOPLISTING ring of positive energy (220 gold, have
                  | 57).
   684 | D:2      | 684 ||| SHOPLISTING ring of willpower (275 gold, have 57).
   845 | D:2      | Noticed Robin
   855 | D:2      | 855 ||| RETREEEEATING.
   857 | D:2      | HP: 4/20 [goblin/+0 dagger[Robin] (3)]
   858 | D:2      | Slain by a goblin

Levels and vault maps discovered:
D:1:      amcnicky_arrival_single_pillar, layout_rooms, hex_large,
          dk_noncrumbling_2, minmay_unequal
D:2:      minmay_diamond_boxcup, layout_loops_ring, serial_shops, shop,
          uniq_robin

Skill      XL: |  1 |
---------------+----+-----
Ranged Weapons | 6 |  6.9
Fighting       | |  1.5
Dodging        | |  2.4
Stealth        | |  1.2

Action                     || total
---------------------------++-------
   Fire: Shortbow          ||   103
    Use: Scroll            ||     5
 Armour: Leather armour    ||     8
         Scale mail        ||    33
  Dodge: Dodged            ||    34

Table legend:
 A = Non-vault XP
 B = Vault XP
 C = Vault XP percentage of total XP
 D = Non-vault monster count
 E = Vault monster count
 F = Vault count percentage of total count
                 A         B        C        D         E       F
            +---------+---------+-------+---------+---------+-------
      Total |      55 |       7 |  11.3 |      34 |       4 |  10.5
            +---------+---------+-------+---------+---------+-------
        D:1 |      35 |       2 |   5.4 |      22 |       1 |   4.3
        D:2 |      20 |       5 |  20.0 |      12 |       3 |  20.0
            +---------+---------+-------+---------+---------+-------
